 Dungeon Crawl Stone Soup version 0.16.2-12-gd0ad4c3 (webtiles) character file.

478 Kira the Sneak (level 6, -16/30 HPs)
             Began as a Spriggan Enchanter on Oct 20, 2015.
             Demolished by an orc warrior
             ... wielding a +0 war axe
              (22 damage)
             ... on level 5 of the Dungeon.
             The game lasted 00:14:06 (3059 turns).

Kira the Sneak (Spriggan Enchanter)                 Turns: 3059, Time: 00:14:06

Health: -16/30     AC:  4    Str:  4    XL:     6   Next: 86%
Magic:  17/20      EV: 20    Int: 20    God:
Gold:   167        SH:  0    Dex: 17    Spells: 3 memorised, 8 levels left

rFire  . . .     SeeInvis +     a - +1 dagger
rCold  . . .     Clarity  .     b - +1 robe
rNeg   . . .     SustAb   .     (shield restricted)
rPois  .         Gourm    .     (helmet restricted)
rElec  .         Spirit   .     B - +0 cloak
rCorr  .         Warding  .     (gloves unavailable)
rMut   +         Stasis   .     (boots unavailable)
MR     +....                    w - amulet of resist mutation
Stlth  ++++......               (no ring)
                                n - +2 ring of intelligence

@: very quick, somewhat resistant to hostile enchantments, stealthy
A: unfitting armour, see invisible, herbivore 3, speed 3, slow metabolism 2
a: no special abilities


You were on level 5 of the Dungeon.
You were not hungry.

You visited 1 branch of the dungeon, and saw 5 of its levels.

You collected 167 gold pieces.

Inventory:

Hand weapons
 a - a +1 dagger (weapon)
Armour
 b - a +1 robe (worn)
 B - a +0 cloak (worn)
Magical staves
 x - an uncursed staff of summoning
Jewellery
 n - a +2 ring of intelligence (left hand)
 w - an amulet of resist mutation (around neck)
Magical devices
 s - a wand of magic darts (17)
 t - a wand of lightning (7)
 D - a wand of frost (16)
Scrolls
 e - 8 scrolls of remove curse {unknown}
 f - a scroll of blinking {unknown}
 g - 3 scrolls of teleportation {unknown}
 m - 4 scrolls of identify {unknown}
 p - a scroll of immolation {unknown}
 r - 2 scrolls of enchant armour {unknown}
 u - 3 scrolls of recharging {unknown}
 v - a scroll of random uselessness {unknown}
 y - a scroll of fear {unknown}
 A - a scroll of noise {unknown}
 E - a scroll of silence {unknown}
 F - a scroll of amnesia {unknown}
Potions
 h - 2 potions of heal wounds {unknown}
 i - a potion of resistance {unknown}
 j - 2 potions of poison {unknown}
 k - 2 potions of invisibility {unknown}
 l - 2 potions of might {unknown}
 o - 5 potions of curing {unknown}
 z - a potion of magic {unknown}
 C - a potion of haste {unknown}
 G - 2 potions of flight {unknown}
Books
 c - a book of Maledictions

   Spells                             Type                      Level
   a - Corona                         Hexes                        1
   b - Sure Blade                     Hexes/Charms                 2
   c - Ensorcelled Hibernation        Hexes/Ice                    2
   d - Confuse                        Hexes                        3
   e - Dazzling Spray                 Conjuration/Hexes            3
   f - Enslavement                    Hexes                        4
 H - an Akashic Record {highlevel, unknown}

   This book is beyond your current level of understanding.

   Spells                             Type                      Level
   a - Dispersal                      Translocation                6
   b - Controlled Blink               Translocation                7
   c - Malign Gateway                 Summoning/Translocation      7
   d - Disjunction                    Translocation                8
   e - Singularity                    Translocation                9
Comestibles
 d - 2 bread rations
 q - 5 fruits


   Skills:
 + Level 1.2 Fighting
 + Level 1.8 Short Blades
 + Level 5.1 Dodging
 + Level 7.6 Stealth
 + Level 4.9 Spellcasting
 + Level 5.1 Hexes


You had 8 spell levels left.
You knew the following spells:

 Your Spells              Type           Power        Failure   Level  Hunger
a - Corona                Hex            ####...      1%          1    None
b - Ensorcelled Hibernat  Hex/Ice        ###...       10%         2    #......
c - Confuse               Hex            ####....     6%          3    ##.....


Dungeon Overview and Level Annotations

Branches:
Dungeon (5/15)
 Temple: D:4-7

Altars:
Fedhas
Qazlal
Xom
Yredelemnul
The Shining One


Innate Abilities, Weirdness & Mutations

You are tiny and cannot use many weapons and most armour.
You have supernaturally acute eyesight.
You are a herbivore.
You cover ground extremely quickly.
You need consume almost no food.


Message History

Unknown command.
The orc shouts!
A bat comes into view.
The bat completely misses you.
You closely miss the bat.
The orc warrior shouts!
The bat completely misses you. x2
You hear a shout!
You closely miss the bat. The bat barely misses you. The bat misses you.
You hit the bat.
You kill the bat!
You hit the orc warrior but do no damage.
The orc warrior hits you with a war axe!!
Ouch! That really hurt!
* * * LOW HITPOINT WARNING * * *
You hit the orc warrior.
The orc warrior is lightly wounded.
The orc warrior hits you with a war axe!!
Ouch! That really hurt!
You die...

#.# #.# #.# ## ##
#.#
##...############.##
..#.....<....).....
....#####.#####....
#o# ##.## #.... #@#
###...####....
#.###...#.........
#.....#...######..
#.#####.#.######.#
#.....(###....##.#
#######.#.###....#
#.########.## ######
#..........#
############


You could see an orc warrior.

Vanquished Creatures
  An ogre (D:4)
  The ghost of Kira the Sneak, an average SpEn (D:3)
  A centaur skeleton (D:4)
  An orc priest (D:4)
  2 hounds (D:4)
  2 worker ants
  An orc wizard (D:5)
  A gnoll (D:4)
  4 adders
  A worm (D:2)
  3 giant geckos
  An ooze (D:2)
  7 orcs
  9 bats
  15 hobgoblins
  2 jackals (D:1)
  5 giant newts
  10 goblins
  6 kobolds
  8 rats
81 creatures vanquished.

Notes
Turn   | Place    | Note
--------------------------------------------------------------
     0 | D:1      | Kira, the Spriggan Enchanter, began the quest for the Orb.
     0 | D:1      | Reached XP level 1. HP: 9/9 MP: 4/4
   116 | D:1      | Reached XP level 2. HP: 4/13 MP: 7/7
   162 | D:1      | Learned a level 2 spell: Ensorcelled Hibernation
   528 | D:2      | Reached skill level 5 in Stealth
   563 | D:2      | Reached XP level 3. HP: 9/16 MP: 9/9
  1196 | D:3      | Found a glowing golden altar of the Shining One.
  1344 | D:3      | Found a stormy altar of Qazlal.
  1418 | D:3      | Reached XP level 4. HP: 21/21 MP: 13/13
  1518 | D:3      | Noticed Kira's ghost (average SpEn)
  1591 | D:2      | Learned a level 3 spell: Confuse
  1689 | D:3      | Killed Kira's ghost
  1689 | D:3      | Reached skill level 6 in Stealth
  1689 | D:3      | Reached XP level 5. HP: 24/24 MP: 12/17
  2240 | D:4      | Reached XP level 6. HP: 23/29 MP: 18/20
  2367 | D:4      | Found a blossoming altar of Fedhas.
  2417 | D:4      | Reached skill level 1 in Fighting
  2417 | D:4      | Reached skill level 7 in Stealth
  2479 | D:4      | Reached skill level 5 in Hexes
  2531 | D:4      | Found a shimmering altar of Xom.
  2532 | D:4      | Found a basalt altar of Yredelemnul.
  2687 | D:5      | Entered Level 5 of the Dungeon
  2700 | D:5      | Reached skill level 5 in Dodging
  3059 | D:5      | Demolished by an orc warrior

Action                   |  1- 3 |  4- 6 || total
-------------------------+-------+-------++-------
Melee: Dagger            |   111 |   101 ||   212
 Cast: Ensorcelled Hiber |    17 |    34 ||    51
       Corona            |     3 |     1 ||     4
       Confuse           |       |     3 ||     3
 Stab: Sleeping          |    21 |    24 ||    45
       Confused          |       |     2 ||     2
  Eat: Fruit             |       |     2 ||     2
